 Dungeon Crawl Stone Soup version 0.31-a0-121-g1e386dd289 (webtiles) character file.

Game seed: 298401284184338488

7435 Gargoyl the Protected (level 11, -10/68 HPs)
             Began as a Gargoyle Berserker on June 1, 2023.
             Was a Priest of Trog.
             Mangled by a two-headed ogre
             ... wielding a +0 giant club
              (21 damage)
             ... on level 9 of the Dungeon.
             The game lasted 00:13:25 (7848 turns).

Gargoyl the Protected (Gargoyle Berserker)          Turns: 7848, Time: 00:13:26

Health: -10/68     AC: 27    Str: 26    XL:     11   Next: 15%
Magic:  11/11      EV: 10    Int:  8    God:    Trog [***...]
Gold:   280        SH:  0    Dex: 13    Spells: 10/10 levels left

rFire   . . .        d - +7 flail "Ucluraus" {heavy, Fly rC- Str+5 SInv}
rCold   . . .        w - +0 buckler
rNeg    + . .        j - +3 chain mail {Will+}
rPois   ∞            (no helmet)
rElec   +            (no cloak)
rCorr   .            c - +2 pair of gloves
SInv    +            e - +0 pair of boots
Will    +++..        (no amulet) Stlth
                     t - ring of protection from cold
HPRegen 1.31/turn    (no ring)
MPRegen 0.12/turn

%: no passive effects
@: confused, ambrosia-drunk, strong-willed (expiring), on berserk cooldown,
flying, regenerating (expiring), slowed, studying Polearms, very slow
A: sickness immunity, AC +8, negative energy resistance 1, electricity
resistance, torment resistance 1, petrification resistance
a: Renounce Religion, Berserk, Trog's Hand


You were on level 9 of the Dungeon.
You worshipped Trog.
Trog was most pleased with you.
You visited 1 branch of the dungeon, and saw 9 of its levels.

You collected 460 gold pieces.
You spent 180 gold pieces at shops.

Inventory:

Hand Weapons
 a - a +1 hand axe
 d - the +7 flail "Ucluraus" (weapon) {heavy, Fly rC- Str+5 SInv}
   (You found it on level 6 of the Dungeon)

   Str:       It affects your strength (+5).
   rC:        It makes you vulnerable to cold.
   SInv:      It lets you see invisible.
   Fly:       It grants you flight.
 l - a +2 whip of electrocution
 r - a +1 falchion
Missiles
 o - 15 poisoned darts (quivered)
Armour
 c - a +2 pair of gloves (worn)
 e - a +0 pair of boots (worn)
 j - a +3 chain mail of willpower (worn)
 w - a +0 buckler (worn)
Jewellery
 t - a ring of protection from cold (left hand)
Wands
 m - a wand of mindburst (23)
 p - a wand of flame (13)
 v - a wand of digging (6)
Scrolls
 n - 2 scrolls of identify
Potions
 b - a potion of lignification
 f - 2 potions of attraction
 g - 2 potions of brilliance
 h - a potion of cancellation
 q - 2 potions of might
 x - 2 potions of haste


   Skills:
 + Level 8.3 Fighting
 + Level 8.2(9.5) Axes
 + Level 7.9(9.8) Maces & Flails
 + Level 1.3 Throwing
 + Level 8.9 Armour
 + Level 4.8 Dodging
 + Level 1.4 Stealth
 + Level 2.0 Shields


You had 10 spell levels left.
You didn't know any spells.
Your spell library was empty.

Dungeon Overview and Level Annotations

Branches:
Dungeon (9/15)             Temple (0/1) D:4
   Lair: D:8-11         Orc: D:9-12

Altars:
Gozag
Okawaru
Sif Muna

Shops:
D:3 *   D:5 [


Innate Abilities, Weirdness & Mutations

You are immune to sickness and miasma.
Your stone body is resilient. (AC +8)
You are immune to poison.
You resist negative energy. (rN+)
You are resistant to electric shocks. (rElec)
You are resistant to unholy torment.
You are immune to petrification.


Message History

Throw: 16 darts (poison)
Press: ? - help, Q - select action, (/) - cycle Shift-Dir - straight line, f - orc wizard
Aim: an orc wizard, wielding a +0 dagger and wearing a +0 robe (55% to hit)
You throw a poisoned dart. The poisoned dart hits the orc wizard.
The orc wizard is poisoned.
A two-headed ogre comes into view. It is wielding two +0 giant clubs.
The orc wizard gestures at you while chanting.
The puff of flame hits you but does no damage.
The orc wizard looks more healthy.
Your skin crawls.
You feel strong-willed.
The orc wizard gestures at you while chanting.
The magic dart hits you!
You bludgeon the orc wizard!!
You kill the orc wizard!
Trog accepts your kill.
Trog appreciates your killing of a magic user.
You hit the two-headed ogre.
The two-headed ogre is lightly wounded.
The two-headed ogre hits you with a +0 giant club.
The two-headed ogre barely misses you.
The two-headed ogre hits you with a +0 giant club.
The two-headed ogre hits you but does no damage.
You closely miss the two-headed ogre.
The two-headed ogre is lightly wounded.
You feel the effects of Trog's Hand fading.
The two-headed ogre hits you with a +0 giant club!
The two-headed ogre hits you with a +0 giant club.
* * * LOW HITPOINT WARNING * * *
You feel better.
The two-headed ogre hits you with a +0 giant club!
* * * LOW HITPOINT WARNING * * *
The two-headed ogre hits you with a +0 giant club!
* * * LOW HITPOINT WARNING * * *
Okay, then.
Okay, then.
You are confused.
You feel invigorated.
The two-headed ogre hits you with a +0 giant club!!
You die...

..(###...##. ..
#..#....##.#
....
#......#!.#
[..(.#......(.#
#............#
#...........##
.#....###...#
....## ##O##
..# #.@# . ##.#
#.. ##.# .. .##
.# .#


You could see a two-headed ogre.

Vanquished Creatures
  A two-headed ogre (D:8)
  A skeletal warrior (D:8)
  Maggie (D:8)
  A troll (D:8)
  A hornet (D:8)
  A wraith (D:8)
  A wyvern (D:8)
  Eustachio (D:5)
  6 yaks (D:7)
  A steam dragon (D:8)
  Edmund (D:5)
  3 water moccasins
  An ice beast (D:5)
  2 orc warriors
  A sky beast (D:8)
  2 black bears
  An ogre (D:5)
  2 centaurs
  2 kobold brigands
  Blork the orc (D:5)
  A phantom (D:4)
  2 bullfrogs
  A scorpion (D:5)
  13 wights
  A gnoll sergeant (D:7)
  13 killer bees
  3 howler monkeys
  A hound (D:5)
  2 jellies
  An iguana (D:4)
  9 orc priests
  A gnoll bouda (D:4)
  3 sleepcaps
  10 orc wizards
  9 gnolls
  A river rat (D:3)
  13 adders
  A shadow imp (D:8)
  2 white imps (D:7)
  An ufetubus (D:5)
  2 worms (D:3)
  3 dart slugs
  28 orcs
  5 ball pythons
  6 bats
  6 endoplasms
  3 giant cockroaches
  3 goblins
  3 hobgoblins
  10 jackals
  6 quokkas
  4 frilled lizards
  9 kobolds
  7 rats
  A spectral kobold (D:3)
215 creatures vanquished.

Notes
Turn   | Place    | Note
-------+----------+-------------------------------------------
     0 | D:1      | Gargoyl the Gargoyle Berserker began the quest for the Orb.
     0 | D:1      | Reached XP level 1. HP: 14/14 MP: 1/1
   255 | D:1      | Reached XP level 2. HP: 19/19 MP: 2/2
   594 | D:1      | Reached XP level 3. HP: 24/24 MP: 3/3
   627 | D:1      | Reached ** piety under Trog
  1184 | D:2      | Reached XP level 4. HP: 29/29 MP: 4/4
  1229 | D:2      | You fall into a shaft and drop 1 floor!
  1310 | D:3      | Found an opulent altar of Gozag.
  1312 | D:3      | Found Gozag's Platinum Reserve.
  1486 | D:2      | Identified the +1 robe of Joseulatics {Int+5 Dex+3}
  1953 | D:3      | Reached skill level 1 in Stealth
  1994 | D:3      | Reached XP level 5. HP: 32/33 MP: 5/5
  2223 | D:3      | Found a faded altar of an unknown god.
  2587 | D:4      | Noticed a phantom
  2640 | D:4      | Killed a phantom
  2641 | D:4      | Reached XP level 6. HP: 30/38 MP: 6/6
  2909 | D:4      | Found a staircase to the Ecumenical Temple.
  2959 | D:4      | Found an iron altar of Okawaru.
  3079 | D:4      | Noticed a black bear
  3090 | D:4      | Killed a black bear
  3091 | D:4      | Reached skill level 5 in Axes
  3091 | D:4      | Reached XP level 7. HP: 44/44 MP: 7/7
  3110 | D:4      | HP: 1/44 [wight/+4 halberd (11)]
  3669 | D:4      | Reached skill level 5 in Fighting
  4249 | D:5      | Entered Level 5 of the Dungeon
  4271 | D:5      | Noticed Blork the orc
  4283 | D:5      | Killed Blork the orc
  4284 | D:5      | Reached XP level 8. HP: 49/49 MP: 8/8
  4328 | D:5      | Reached skill level 5 in Armour
  4847 | D:5      | Noticed Eustachio
  4867 | D:5      | Killed Eustachio
  4924 | D:5      | Found Qufo's Antique Armour Boutique.
  4930 | D:5      | Found a shimmering blue altar of Sif Muna.
  4934 | D:5      | Bought a shiny chain mail for 180 gold pieces
  4985 | D:5      | Noticed Edmund
  4994 | D:5      | Killed Edmund
  4995 | D:5      | Reached XP level 9. HP: 55/55 MP: 9/9
  5262 | D:6      | Identified the +7 flail "Ucluraus" {heavy, Fly rC- Str+5
                  | SInv}
  5717 | D:6      | Reached skill level 1 in Maces & Flails
  6230 | D:7      | Reached XP level 10. HP: 55/61 MP: 10/10
  6525 | D:8      | Reached skill level 5 in Maces & Flails
  6573 | D:8      | Noticed a two-headed ogre
  6581 | D:8      | Killed a two-headed ogre
  6695 | D:8      | Reached *** piety under Trog
  6973 | D:7      | Reached skill level 1 in Throwing
  7237 | D:8      | Reached skill level 1 in Shields
  7271 | D:8      | Noticed a skeletal warrior
  7307 | D:8      | Killed a skeletal warrior
  7309 | D:8      | Reached XP level 11. HP: 30/68 MP: 11/11
  7435 | D:8      | Noticed Maggie
  7448 | D:8      | Killed Maggie
  7838 | D:9      | Noticed a two-headed ogre
  7848 | D:9      | Mangled by a two-headed ogre

Illustrated notes

Levels and vault maps discovered:
D:1:      scummos_arrival_forest, layout_loops_corners
D:2:      layout_basic, chequers_serial_rivers_marsh
D:3:      layout_basic, nicolae_gozag_zags_fifth_avenue,
          dreamdust_ecumenical_altar_drowned_temple, gup_sewer_entry_spiral
D:4:      layout_gridville, okawaru_gym_becter, minmay_temple_entry_tees,
          minmay_manual_monstrance
D:5:      layout_basic, amcnicky_altar_gilded, serial_shops, nicolae_shop_trees,
          uniq_edmund, uniq_eustachio, uniq_blork_the_orc
D:6:      layout_loops_ring
D:7:      layout_rooms
D:8:      layout_cave_pools, minmay_gold_behind_fungi, lightli_corner_chamber,
          uniq_maggie
D:9:      layout_layer_cave, hiddenorc2_lemuel

Skill      XL: |  1  2  3  4  5  6  7  8  9 10 11 |
---------------+----------------------------------+-----
Axes           | 3 4 5 7 8 |  8.2
Dodging        | 2 3 4 |  4.8
Fighting       | 4 5 6 8 |  8.3
Stealth        | 1 |  1.4
Armour         | 3 4 6 7 8 |  8.9
Maces & Flails | 4 7 |  7.9
Throwing       | 1 |  1.3
Shields        | 1 2 |  2.0

Action                     |  1- 3 |  4- 6 |  7- 9 | 10-12 || total
---------------------------+-------+-------+-------+-------++-------
  Melee: Hand axe          |   150 |   220 |   223 |       ||   593
         Punch             |     2 |     1 |     3 |       ||     6
         Flail             |       |       |    88 |   171 ||   259
  Throw: Dart              |       |       |       |     3 ||     3
 Invoke: Berserk           |       |     5 |    11 |     5 ||    21
         Trog's Hand       |       |     3 |     5 |     6 ||    14
  Evoke: Wand              |       |       |       |     1 ||     1
    Use: Scroll            |     3 |     4 |     6 |     5 ||    18
         Potion            |       |       |     4 |     3 ||     7
   Stab: Sleeping          |     3 |     1 |       |       ||     4
 Armour: Animal skin       |    80 |    37 |       |       ||   117
         Chain mail        |       |   112 |   312 |   211 ||   635
  Dodge: Dodged            |   114 |   116 |   267 |   152 ||   649
  Block: Buckler           |       |       |       |    43 ||    43

Table legend: (Time is in decaauts)
 A = Elapsed time spent in this place.
 B = Non-inter-level travel time spent in this place.
 C = Inter-level travel time spent in this place.
 D = Time resting spent in this place.
 E = Time spent auto-exploring this place.
 F = Levels seen in this place.
 G = Mean time per level.
                   A        B        C        D        E       F      G
               +--------+--------+--------+--------+--------+-----+--------+
         Total |   8235 |   8067 |    168 |    677 |   5090 |   9 |  915.0 |
       Dungeon |   8235 |   8067 |    168 |    677 |   5090 |   9 |  915.0 |
               +--------+--------+--------+--------+--------+-----+--------+

Top non-repeatable levels by time:
     D:4: 1424 daAuts
     D:3: 1284 daAuts
     D:7: 1055 daAuts
     D:5: 1035 daAuts
     D:1: 1000 daAuts
     D:8: 742 daAuts
     D:6: 712 daAuts
     D:2: 698 daAuts
     D:9: 281 daAuts
